 Dungeon Sprint DCSS version 0.24.1-14-gf8d2b509d9 (webtiles) character file.

Game seed: 1724528670244490898, levelgen mode: deterministic

991 Baz the Cleaver (level 8, -3/71 HPs)
             Began as a Formicid Fighter on Sept 26, 2020.
             Was a High Priest of Trog.
             Engulfed by a smoke demon's steam (6 damage)
             ... in the Dungeon (Sprint VII: "The Pits").
             The game lasted 00:02:37 (864 turns).

Baz the Cleaver (Formicid Fighter)                   Turns: 864, Time: 00:02:38

Health: -3/71      AC: 14    Str: 23    XL:     8   Next: 42%
Magic:  8/8        EV:  8    Int:  8    God:    Trog [*****.]
Gold:   0          SH: 12    Dex: 10    Spells: 7/7 levels left

rFire    . . .     SeeInvis +   l - +2 hand axe
rCold    . . .     Gourm    .   c - +0 shield
rNeg     . . .     Faith    .   r - +3 chain mail
rPois    .         Spirit   .   (helmet unavailable)
rElec    .         Reflect  .   (no cloak)
rCorr    .         Harm     .   (no gloves)
MR       ++...                  (no boots)
Stlth    ..........             (no amulet)
HPRegen  1.21/turn              (no ring)
MPRegen  0.11/turn              (no ring)

@: regenerating
A: permanent stasis, dig shafts and tunnels, four strong arms, antennae 3
a: Dig, Trog's Hand, Brothers in Arms, Renounce Religion


You were in the Dungeon.
You worshipped Trog.
Trog was extremely pleased with you.
You were near starving.

You visited 1 branch

Inventory:

Hand Weapons
 a - a +0 war axe
 l - a +2 hand axe (weapon)
Armour
 b - a +0 scale mail
 c - a +0 shield (worn)
 r - a +3 chain mail (worn)
Scrolls
 k - a scroll of blinking
 n - 3 scrolls of remove curse
 o - 5 scrolls of amnesia
 p - a scroll of summoning
 q - 2 scrolls of vulnerability
Potions
 d - a potion of might
 e - 6 potions of curing
 g - 6 potions of heal wounds
 h - a potion of haste
 i - 4 potions of magic
 j - 3 potions of berserk rage
 m - 2 potions of invisibility
Comestibles
 f - 9 rations


   Skills:
 + Level 9.5 Fighting
 * Level 10.5 Axes
 + Level 9.5 Armour
 + Level 10.3 Shields


You had 7 spell levels left.
You didn't know any spells.
Your spell library was empty.

Dungeon Overview and Level Annotations

Branches:
Dungeon (1/1)

Altars:
Ashenzari
Cheibriados
Dithmenos
Elyvilon
Fedhas
Gozag
Hepliaklqana
Kikubaaqudgha
Makhleb
Nemelex Xobeh
Okawaru
Qazlal
Ru
Sif Muna
Trog
Uskayaw
Vehumet
Wu Jian
Xom
Yredelemnul
Zin
The Shining One
Beogh
Jiyva
Lugonu


Innate Abilities, Weirdness & Mutations

You cannot be hasted, slowed, berserked, paralysed or teleported.
You can dig through walls and to a lower floor.
Your four strong arms can wield two-handed weapons with a shield.
You have a pair of large antennae on your head. (SInv)


Message History

Press: ? - help, Dir - move target cursor, f - smoke demon
Aim: a smoke demon (moderately wounded) Attack!
You feel the effects of Trog's Hand fading.
Your ogre closely misses the smoke demon.
The smoke demon hits your ogre. x3
Your ogre barely misses the smoke demon.
The smoke demon barely misses your ogre.
The smoke demon hits your ogre. x2
Unknown command.
Your ogre barely misses the smoke demon.
The smoke demon hits your ogre.
The smoke demon hits your ogre but does no damage. x2
Your ogre hits the smoke demon with a +0 giant spiked club!
The smoke demon gestures at you. The ball of steam misses your ogre.
The ball of steam hits you!!
* * * LOW HITPOINT WARNING * * *
Unknown command.
You are engulfed in a cloud of scalding steam.
You die...

#.#.....#'###...<...#
#.#........##.......#
#.#........##.......#
#÷###########.......#
#.))....#..##########
{ #.......#.######
#...#...#.#....#
#..###..#†#....#
#...#...#@O....+
#.......#)#3...#
#.......'.#....#
################


You could see a smoke demon and a friendly ogre (berserk).

Vanquished Creatures
  A rime drake (D)
  A warg (D)
  A floating eye (D)
  A porcupine (D)
  Purgy (D)
  A phantom (D)
  A bullfrog (D)
  A hound (D)
  2 iron imps (D)
  A gnoll shaman (D)
  4 gnolls (D)
  An ufetubus (D)
  2 ball pythons (D)
  A bat skeleton (D)
  A bat zombie (D)
  5 jackals (D)
  A quokka (D)
  2 bats (D)
28 creatures vanquished.

Notes
Turn   | Place    | Note
-------+----------+-------------------------------------------
     0 | D        | Baz the Formicid Fighter began the quest for the Orb.
     0 | D        | Reached XP level 1. HP: 18/18 MP: 1/1
    43 | D        | Found a bloodstained altar of Trog.
    43 | D        | Found a shimmering blue altar of Sif Muna.
    43 | D        | Found a viscous altar of Jiyva.
    43 | D        | Found a hazy altar of Hepliaklqana.
    43 | D        | Found an opulent altar of Gozag.
    44 | D        | Found a glowing golden altar of the Shining One.
    44 | D        | Found a glowing silver altar of Zin.
    44 | D        | Found a basalt altar of Yredelemnul.
    44 | D        | Found a shimmering altar of Xom.
    44 | D        | Found an ornate altar of the Wu Jian Council.
    44 | D        | Found a sacrificial altar of Ru.
    44 | D        | Found a stormy altar of Qazlal.
    44 | D        | Found an iron altar of Okawaru.
    44 | D        | Found a sparkling altar of Nemelex Xobeh.
    44 | D        | Found a burning altar of Makhleb.
    44 | D        | Found a blossoming altar of Fedhas.
    44 | D        | Found a white marble altar of Elyvilon.
    44 | D        | Found a shadowy altar of Dithmenos.
    44 | D        | Found a snail-covered altar of Cheibriados.
    45 | D        | Found a radiant altar of Vehumet.
    45 | D        | Found a corrupted altar of Lugonu.
    45 | D        | Found a roughly hewn altar of Beogh.
    46 | D        | Found a hide-covered altar of Uskayaw.
    46 | D        | Found an ancient bone altar of Kikubaaqudgha.
    46 | D        | Found a shattered altar of Ashenzari.
    52 | D        | Became a worshipper of Trog the Wrathful
    62 | D        | Reached XP level 2. HP: 25/25 MP: 2/2
    77 | D        | Reached * piety under Trog
    92 | D        | Reached ** piety under Trog
   222 | D        | Noticed a floating eye
   230 | D        | Killed a floating eye
   230 | D        | Reached XP level 3. HP: 34/34 MP: 3/3
   230 | D        | Reached XP level 4. HP: 40/40 MP: 4/4
   230 | D        | Reached XP level 5. HP: 46/46 MP: 5/5
   238 | D        | Reached *** piety under Trog
   238 | D        | Reached skill level 5 in Axes
   309 | D        | Noticed a bullfrog
   309 | D        | Noticed a porcupine
   309 | D        | Noticed a phantom
   326 | D        | Killed a bullfrog
   326 | D        | Reached XP level 6. HP: 52/55 MP: 6/6
   335 | D        | Killed a porcupine
   335 | D        | Reached **** piety under Trog
   380 | D        | Killed a phantom
   380 | D        | Reached XP level 7. HP: 37/62 MP: 7/7
   533 | D        | Reached ***** piety under Trog
   592 | D        | Noticed a rime drake
   601 | D        | Killed a rime drake
   601 | D        | Reached XP level 8. HP: 52/71 MP: 8/8
   791 | D        | Noticed Purgy
   806 | D        | Reached skill level 10 in Axes
   806 | D        | Reached skill level 10 in Shields
   819 | D        | Killed Purgy
   833 | D        | Noticed a smoke demon
   845 | D        | Received a gift from Trog
   863 | D        | HP: 3/71 [smoke demon/ball of steam (21)]
   864 | D        | Engulfed by a smoke demon's steam

Levels and vault maps discovered:
D:        pitsprint [storerooms_1, entrance_room_1, metal_vault_2, armoury_2,
          mini_pit_1, grid_room_1, main_hall_1, silver_pit, the_coven_3,
          the_vestibule_1, steel_vault_3, golden_pit, hallway_of_sentries,
          crystal_vault_3, iron_vault_1, final_vault]

Skill      XL: |  1  2  3  4  5  6  7  8 |
---------------+-------------------------+-----
Shields        | 4 6 7 9 10 | 10.3
Fighting       | 6 7 8 9 |  9.5
Armour         | 6 7 8 9 |  9.5
Axes           | 4 6 8 9 10 | 10.5

Action                   |  1- 3 |  4- 6 |  7- 9 || total
-------------------------+-------+-------+-------++-------
Melee: Hand axe          |    32 |    60 |    76 ||   168
       War axe           |     1 |       |       ||     1
Invok: Trog's Hand       |       |     1 |     2 ||     3
       Brothers in Arms  |       |       |     1 ||     1
Armor: Scale mail        |    26 |     3 |       ||    29
       Chain mail        |       |    22 |    45 ||    67
Dodge: Dodged            |    20 |    13 |    17 ||    50
Block: Shield            |    19 |    26 |    39 ||    84
